 Dungeon Crawl Stone Soup version 0.31-a0-636-ge1c0e020e0 (console) character file.

Game seed: 15928769072245850447

19376 jejorda2 the Prestidigitator (level 12, -3/97 HPs)
             Began as a Gnoll Berserker on Aug 26, 2023.
             Was an Elder of Trog.
             Slain by a death yak (18 damage)
             ... on level 2 of the Lair of Beasts on Aug 27, 2023.
             The game lasted 00:27:57 (11456 turns).

jejorda2 the Prestidigitator (Gnoll Berserker)     Turns: 11456, Time: 00:27:57

Health: -3/97      AC: 21    Str: 20    XL:     12   Next: 68%
Magic:  23/23      EV: 11    Int:  8    God:    Trog [****..]
Gold:   539        SH:  0    Dex: 12    Spells: 26/26 levels left

rFire   + . .        b - +4 war axe (venom)
rCold   . . .        (no shield)
rNeg    . . .        i - +1 chain mail
rPois   +            q - +2 hat
rElec   .            E - +2 cloak {rCorr}
rCorr   +            H - +1 pair of gloves
SInv    .            C - +0 pair of boots
Will    .....        (no amulet)
Stlth   +            h - ring of protection from fire
HPRegen 0.36/turn    m - ring of poison resistance
MPRegen 0.18/turn

%: no passive effects
@: on berserk cooldown, slowed, studying Evocations, very slow
A: fangs 1, strong nose, distributed training
a: Renounce Religion, Berserk, Trog's Hand, Brothers in Arms


You were on level 2 of the Lair of Beasts.
You worshipped Trog.
Trog was greatly pleased with you.
You visited 2 branches of the dungeon, and saw 12 of its levels.
You also visited: Sewer.

You collected 770 gold pieces.
You spent 231 gold pieces at shops.

Inventory:

Hand Weapons
 a - a +6 dire flail of protection
 b - a +4 war axe of venom (weapon)
 I - a +0 battleaxe
Missiles
 d - 5 datura-tipped darts
 n - 20 poisoned darts
 o - 14 boomerangs (quivered)
 v - 9 curare-tipped darts
Armour
 i - a +1 chain mail (worn)
 q - a +2 hat (worn)
 s - a +0 kite shield
 C - a +0 pair of boots (worn)
 E - a +2 cloak of preservation (worn)
 F - the +4 skin of Zhor {*Englaciate rC+++ SInv}
   (You found it on level 9 of the Dungeon)

   *Englaciate: It radiates cold, occasionally slowing all nearby creatures who
   are not resistant to cold.
   rC+++:     It renders you almost immune to cold.
   SInv:      It lets you see invisible.
 H - a +1 pair of gloves (worn)
Jewellery
 h - a ring of protection from fire (left hand)
 m - a ring of poison resistance (right hand)
Wands
 x - a wand of iceblast (25)
 y - a wand of paralysis (14)
Scrolls
 c - 3 scrolls of enchant weapon
 l - 4 scrolls of teleportation
 p - 2 scrolls of blinking
 r - a scroll of vulnerability
 u - 2 scrolls of fear
 G - a scroll of poison
Potions
 e - a potion of cancellation
 f - 8 potions of curing
 g - a potion of resistance
 j - 3 potions of heal wounds
 k - 2 potions of attraction
 t - a potion of ambrosia {unknown}
 w - a potion of might
 A - a potion of enlightenment {unknown}
 B - a potion of mutation {unknown}
 D - a potion of invisibility
Miscellaneous
 J - a lightning rod (4/4)


   Skills:
 + Level 10.1 Fighting
 + Level 7.6 Short Blades
 + Level 7.6 Long Blades
 + Level 10.1 Axes
 + Level 7.6 Maces & Flails
 + Level 7.6 Polearms
 + Level 7.6 Staves
 + Level 7.6 Ranged Weapons
 + Level 7.6 Throwing
 + Level 9.0 Armour
 + Level 9.0 Dodging
 + Level 7.6 Stealth
 + Level 7.6 Shields
 + Level 7.6 Unarmed Combat
 + Level 7.6 Spellcasting
 + Level 6.3 Conjurations
 + Level 6.3 Hexes
 + Level 6.3 Summonings
 + Level 6.3 Necromancy
 + Level 6.3 Translocations
 + Level 6.3 Transmutations
 + Level 6.3 Fire Magic
 + Level 6.3 Ice Magic
 + Level 6.3 Air Magic
 + Level 6.3 Earth Magic
 + Level 6.3 Poison Magic
 + Level 8.4 Invocations
 + Level 10.6 Evocations
 + Level 7.0 Shapeshifting


You had 26 spell levels left.
You didn't know any spells.
Your spell library was empty.

Dungeon Overview and Level Annotations

Branches:
Dungeon (10/15)            Temple (0/1) D:4            Lair (2/5) D:10
    Orc (0/2) D:9           Sewer (visited)
  Swamp: Lair:2-3    Shoals: Lair:2-3     Snake: Lair:2-3    Spider: Lair:2-3

Altars:
Ashenzari
Elyvilon
Fedhas
Gozag
Hepliaklqana
Nemelex Xobeh
Okawaru
Qazlal
Ru
Vehumet
Wu Jian
Xom
Zin
The Shining One

Shops:
D:1 ?   D:5 (


Innate Abilities, Weirdness & Mutations

You have very sharp teeth.
Your uncanny sense of smell can sniff out nearby items.
Your experience applies equally to all skills.


Message History

The death yak gores you.
You are too injured to fight recklessly!
You are too injured to fight recklessly!
You are too injured to fight recklessly!
Unknown command.
Your ogre goes berserk!
The wolf closely misses you. The wolf bites you but does no damage.
The death yak gores you but does no damage. x2
Something barely misses your ogre.
Unknown command.
You sock the death yak!
The death yak is moderately wounded.
The death yak gores you!
The death yak gores you but does no damage.
Something gores your ogre!!
Your ogre barely misses the death yak.
Something gores your ogre!!
Your ogre dies!
Your ogre's corpse disappears in a puff of smoke!
The death yak gores you!
* * * LOW HITPOINT WARNING * * *
The death yak gores you but does no damage. x2
Your +6 dire flail of protection goes still.
Your +4 war axe of venom begins to drip with poison!
b - a +4 war axe of venom (weapon)
You hit the death yak but do no damage.
The death yak is poisoned.
You bite the death yak, but do no damage.
You hit the death yak but do no damage.
The death yak is poisoned.
You hit the death yak.
The death yak is poisoned.
The death yak closely misses you.
The death yak gores you but does no damage. x2
The death yak gores you!
* * * LOW HITPOINT WARNING * * *
The death yak barely misses you. The death yak gores you!
* * * LOW HITPOINT WARNING * * *
Unknown command.
You feel much better. The death yak gores you!
* * * LOW HITPOINT WARNING * * *
The death yak gores you but does no damage.
The death yak gores you!!
You die...

#...... #..........P..
#.....####.............
## #.....................
#..#.........†...........
..................##.#...
.................P###....
.........####....## #...
.......Y## P....# ...
.##...hY@# ##....P#
#....Y## #......#
#....§.. .....###
##.....# ....# ##.....
#....# #....# .....


You could see 3 death yaks and a wolf.

Vanquished Creatures
  A hydra (D:10)
  The ghost of snackwell the Fighter, a journeyman OpFi of Lugonu (D:10)
  2 death yaks (Lair:2)
  3 two-headed ogres
  Sonja (D:10)
  Pikel (D:4)
  Maurice (D:8)
  Joseph (D:8)
  Jeremiah (D:8)
  3 cane toads
  2 komodo dragons
  3 kobold demonologists (D:10)
  A rime drake (D:9)
  2 polar bears
  Grinder (D:3)
  5 blink frogs (Lair:2)
  Sigmund (D:2)
  2 wyverns
  19 yaks
  2 wraiths
  Edmund (D:4)
  5 water moccasins
  2 acid dragons
  An orc warrior (D:10)
  An ice beast (D:7)
  A black bear (Lair:1)
  15 wolves
  An ogre (D:5)
  4 centaurs
  2 lemures (D:4)
  2 phantoms
  7 kobold brigands
  2 bullfrogs
  A gnoll sergeant (D:9)
  3 scorpions
  5 wights (D:6)
  7 killer bees
  A howler monkey (D:7)
  2 quasits (D:8)
  7 orc priests
  2 hounds
  3 jellies
  A gnoll bouda (D:7)
  4 iguanas
  Terence (D:2)
  5 orc wizards
  6 gnolls
  10 adders
  A river rat (Sewer)
  2 shadow imps
  2 white imps (D:8)
  2 ufetubi
  11 worms
  27 orcs
  10 endoplasms
  3 giant cockroaches
  9 goblins
  11 hobgoblins
  3 jackals (D:4)
  15 kobolds
  8 quokkas
  15 ball pythons
  9 bats
  5 frilled lizards
  5 rats
293 creatures vanquished.

Vanquished Creatures (collateral kills)
  Erica (D:8)
1 creature vanquished.

Vanquished Creatures (others)
  An ufetubus (D:5)
1 creature vanquished.

Grand Total: 295 creatures vanquished

Notes
Turn   | Place    | Note
-------+----------+-------------------------------------------
     0 | D:1      | jejorda2 the Gnoll Berserker began the quest for the Orb.
     0 | D:1      | Reached XP level 1. HP: 23/23 MP: 1/1
   102 | D:1      | Reached XP level 2. HP: 27/29 MP: 2/2
   363 | D:1      | Found Ifobb's Magic Scroll Shop.
   372 | D:1      | Bought a scroll of identify for 28 gold pieces
   571 | D:1      | Reached ** piety under Trog
   742 | D:2      | Reached XP level 3. HP: 35/35 MP: 3/3
   742 | D:2      | Noticed Sigmund
   752 | D:2      | Killed Sigmund
   753 | D:2      | Reached skill level 1 in Short Blades
   753 | D:2      | Reached skill level 1 in Long Blades
   753 | D:2      | Reached skill level 1 in Maces & Flails
   753 | D:2      | Reached skill level 1 in Polearms
   753 | D:2      | Reached skill level 1 in Staves
   753 | D:2      | Reached skill level 1 in Ranged Weapons
   753 | D:2      | Reached skill level 1 in Throwing
   753 | D:2      | Reached skill level 1 in Stealth
   753 | D:2      | Reached skill level 1 in Shields
   753 | D:2      | Reached skill level 1 in Unarmed Combat
   753 | D:2      | Reached skill level 1 in Spellcasting
   753 | D:2      | Reached skill level 1 in Conjurations
   753 | D:2      | Reached skill level 1 in Hexes
   753 | D:2      | Reached skill level 1 in Summonings
   753 | D:2      | Reached skill level 1 in Necromancy
   753 | D:2      | Reached skill level 1 in Translocations
   753 | D:2      | Reached skill level 1 in Transmutations
   753 | D:2      | Reached skill level 1 in Fire Magic
   753 | D:2      | Reached skill level 1 in Ice Magic
   753 | D:2      | Reached skill level 1 in Air Magic
   753 | D:2      | Reached skill level 1 in Earth Magic
   753 | D:2      | Reached skill level 1 in Poison Magic
   753 | D:2      | Reached skill level 1 in Invocations
   753 | D:2      | Reached skill level 1 in Evocations
   753 | D:2      | Reached skill level 1 in Shapeshifting
   753 | D:2      | Reached XP level 4. HP: 41/41 MP: 3/6
   753 | D:2      | Reached XP level 5. HP: 47/47 MP: 3/7
   886 | D:2      | Noticed Terence
   894 | D:2      | Killed Terence
   958 | D:2      | Reached XP level 6. HP: 53/53 MP: 8/8
  1003 | D:2      | Found a faded altar of an unknown god.
  1189 | D:1      | Bought a scroll of teleportation for 42 gold pieces
  1373 | D:3      | Noticed Grinder
  1388 | D:3      | Killed Grinder
  1389 | D:3      | Reached skill level 5 in Armour
  1389 | D:3      | Reached skill level 5 in Dodging
  1389 | D:3      | Reached XP level 7. HP: 60/60 MP: 8/10
  2098 | D:4      | Identified a scroll of acquirement
  2098 | D:4      | Acquired a manual of Evocations
  2139 | D:4      | Noticed Edmund
  2149 | D:4      | Killed Edmund
  2205 | D:4      | Found a staircase to the Ecumenical Temple.
  2247 | D:4      | Noticed Pikel
  2256 | D:4      | Killed Pikel
  2257 | D:4      | Reached XP level 8. HP: 67/67 MP: 10/12
  2268 | D:4      | Found a glowing drain.
  2284 | Sewer    | Entered a sewer
  2724 | Sewer    | Reached *** piety under Trog
  3100 | D:4      | Found an ornate altar of the Wu Jian Council.
  3109 | D:4      | Found an iron altar of Okawaru.
  3273 | D:5      | Entered Level 5 of the Dungeon
  3437 | D:5      | Reached XP level 9. HP: 68/73 MP: 14/14
  3451 | D:5      | Reached skill level 5 in Evocations
  3468 | D:5      | Found Qedung's Antique Weapon Emporium.
  3663 | D:5      | Found a broken altar of Ashenzari.
  3786 | D:5      | Found a white marble altar of Elyvilon.
  4120 | D:1      | Bought a scroll of blinking for 105 gold pieces
  4120 | D:1      | Bought a scroll of fear for 56 gold pieces
  4468 | D:6      | Reached **** piety under Trog
  4866 | D:6      | Found a glowing golden altar of the Shining One.
  5245 | D:6      | Reached skill level 5 in Invocations
  5812 | D:7      | Found a hazy altar of Hepliaklqana.
  6060 | D:7      | Found a sparkling altar of Nemelex Xobeh.
  6995 | D:8      | Noticed Jeremiah
  7004 | D:8      | Killed Jeremiah
  7005 | D:8      | Reached skill level 5 in Short Blades
  7005 | D:8      | Reached skill level 5 in Long Blades
  7005 | D:8      | Reached skill level 5 in Maces & Flails
  7005 | D:8      | Reached skill level 5 in Polearms
  7005 | D:8      | Reached skill level 5 in Staves
  7005 | D:8      | Reached skill level 5 in Ranged Weapons
  7005 | D:8      | Reached skill level 5 in Throwing
  7005 | D:8      | Reached skill level 5 in Stealth
  7005 | D:8      | Reached skill level 5 in Shields
  7005 | D:8      | Reached skill level 5 in Unarmed Combat
  7005 | D:8      | Reached skill level 5 in Spellcasting
  7005 | D:8      | Reached XP level 10. HP: 81/81 MP: 17/17
  7283 | D:8      | Found a radiant altar of Vehumet.
  7298 | D:8      | Noticed Maurice
  7307 | D:8      | Killed Maurice
  7308 | D:8      | Noticed Joseph
  7318 | D:8      | Noticed Erica
  7321 | D:8      | Killed Joseph
  7325 | D:8      | Killed Erica
  7326 | D:8      | Reached skill level 5 in Shapeshifting
  7370 | D:8      | Found a sacrificial altar of Ru.
  7860 | D:9      | Noticed a two-headed ogre
  7916 | D:9      | Noticed a two-headed ogre
  7926 | D:9      | Killed a two-headed ogre
  7932 | D:9      | Killed a two-headed ogre
  7933 | D:9      | Reached skill level 5 in Conjurations
  7933 | D:9      | Reached skill level 5 in Hexes
  7933 | D:9      | Reached skill level 5 in Summonings
  7933 | D:9      | Reached skill level 5 in Necromancy
  7933 | D:9      | Reached skill level 5 in Translocations
  7933 | D:9      | Reached skill level 5 in Transmutations
  7933 | D:9      | Reached skill level 5 in Fire Magic
  7933 | D:9      | Reached skill level 5 in Ice Magic
  7933 | D:9      | Reached skill level 5 in Air Magic
  7933 | D:9      | Reached skill level 5 in Earth Magic
  7933 | D:9      | Reached skill level 5 in Poison Magic
  7933 | D:9      | Reached XP level 11. HP: 39/89 MP: 18/20
  8345 | D:9      | Found a staircase to the Orcish Mines.
  8345 | D:9      | Found the +4 skin of Zhor {*Englaciate rC+++ SInv}
  8457 | D:9      | Found a blossoming altar of Fedhas.
  8700 | D:9      | Found a shimmering altar of Xom.
  8854 | D:10     | Entered Level 10 of the Dungeon
  8854 | D:10     | Found a glowing silver altar of Zin.
  9002 | D:10     | Noticed a two-headed ogre
  9009 | D:10     | Killed a two-headed ogre
  9055 | D:10     | Noticed Sonja
  9073 | D:10     | Killed Sonja
  9311 | D:10     | Found a runed translucent gate.
  9311 | D:10     | Found a runed translucent gate.
  9312 | D:10     | Found a runed translucent gate.
  9312 | D:10     | Noticed a nine-headed hydra
  9312 | D:10     | Noticed snackwell's ghost (journeyman OpFi)
  9343 | D:10     | Killed a nine-headed hydra
  9351 | D:10     | Killed snackwell's ghost
  9444 | D:10     | Found an opulent altar of Gozag.
  9697 | D:10     | Noticed a sun demon
  9921 | D:10     | Found a stormy altar of Qazlal.
  9941 | D:10     | Found a staircase to the Lair.
  9989 | D:10     | Reached XP level 12. HP: 83/97 MP: 22/22
 10193 | Lair:1   | Entered Level 1 of the Lair of Beasts
 10657 | Lair:1   | Reached skill level 10 in Evocations
 11137 | Lair:2   | Reached skill level 10 in Fighting
 11137 | Lair:2   | Reached skill level 10 in Axes
 11426 | Lair:2   | Noticed a death yak
 11428 | Lair:2   | Noticed a death yak
 11432 | Lair:2   | Noticed a death yak
 11433 | Lair:2   | Noticed a death yak
 11433 | Lair:2   | Noticed a death yak
 11434 | Lair:2   | Noticed a death yak
 11443 | Lair:2   | Killed a death yak
 11450 | Lair:2   | Killed a death yak
 11455 | Lair:2   | HP: 4/97 [death yak (11)]
 11456 | Lair:2   | Slain by a death yak

Illustrated notes

Levels and vault maps discovered:
D:1:      dpeg_arrival_rhombus, layout_loops_ring, serial_shops,
          nicolae_shop_stone, minmay_misc_feat_four_crosses,
          hangedman_glass_teeth
D:2:      layout_rooms, shapermc_ecumenical_altar_rom_forum, uniq_terence,
          uniq_sigmund
D:3:      layout_basic, st_stairs_11, hangedman_decor_points, uniq_grinder
D:4:      layout_gridville, mainiacjoe_overflow_swirl,
          minmay_temple_entry_statues_pillars, cheibrodos_sewer_entry_sluice,
          uniq_pikel, uniq_edmund
D:5:      layout_loops_cross, nicolae_ashenzari_skybound, elyvilon_altar_1,
          serial_shops, kennysheep_little_box, lemuel_flame_loot_1
D:6:      layout_layer_cave, nicolae_tso_swordbearing_angel
D:7:      layout_loops_cross, nemelex_xobeh_ov_fountains_minmay,
          mainiacjoe_overflow_concentric_impassable, serial_co_window_serial,
          co_window_of_opportunity_a, co_window_corner_a, co_window_paths_a,
          co_window_paths_a, co_window_paths_a, co_window_of_opportunity_a,
          co_window_paths_a, co_window_corner_a, co_window_corner_a,
          co_window_cross_3, co_window_broadway_c, co_window_corner_b,
          co_window_unsneaky_path_c, co_window_paths_c, glass_columns_a,
          glass_columns_a, glass_columns_a, glass_columns_a
D:8:      layout_loops_corners, nicolae_vehumet_altar_sigil,
          mainiacjoe_overflow_tiny_flanked, serial_demonic, serial_demonic_a,
          serial_demonic_e, serial_demonic_g, serial_demonic_a, uniq_joseph,
          uniq_maurice, uniq_erica, uniq_jeremiah
D:9:      minmay_spotlight, layout_rooms, mainiacjoe_overflow_small_starburst,
          nicolae_overflow_crystal_walls, orc_0_dummy, grunt_decor_one_mirror,
          hellmonk_guarded_unrand_zhor
D:10:     layout_roguey, overflow_temple_1_default, old_standard_altar,
          grunt_gozag_breadcrumbs, lair_entry_dummy, gammafunk_ghost_hydra_chop,
          uniq_sonja
Lair:1:   layout_regular_city, lemuel_fruit_fields
Lair:2:   layout_long_grid

Skill      XL: |  1  2  3  4  5  6  7  8  9 10 11 12 |
---------------+-------------------------------------+-----
Short Blades   | 1 2 3 5 6 7 |  7.6
Long Blades    | 1 2 3 5 6 7 |  7.6
Maces & Flails | 1 2 3 5 6 7 |  7.6
Polearms       | 1 2 3 5 6 7 |  7.6
Staves         | 1 2 3 5 6 7 |  7.6
Ranged Weapons | 1 2 3 5 6 7 |  7.6
Throwing       | 1 2 3 5 6 7 |  7.6
Stealth        | 1 2 3 5 6 7 |  7.6
Shields        | 1 2 3 5 6 7 |  7.6
Unarmed Combat | 1 2 3 5 6 7 |  7.6
Spellcasting   | 1 2 3 5 6 7 |  7.6
Conjurations   | 1 2 3 4 5 6 |  6.3
Hexes          | 1 2 3 4 5 6 |  6.3
Summonings     | 1 2 3 4 5 6 |  6.3
Necromancy     | 1 2 3 4 5 6 |  6.3
Translocations | 1 2 3 4 5 6 |  6.3
Transmutations | 1 2 3 4 5 6 |  6.3
Fire Magic     | 1 2 3 4 5 6 |  6.3
Ice Magic      | 1 2 3 4 5 6 |  6.3
Air Magic      | 1 2 3 4 5 6 |  6.3
Earth Magic    | 1 2 3 4 5 6 |  6.3
Poison Magic   | 1 2 3 4 5 6 |  6.3
Invocations    | 1 2 3 4 5 6 7 8 |  8.4
Evocations     | 1 2 4 6 8 9 10 | 10.6
Shapeshifting  | 1 2 3 4 5 6 7 |  7.0
Fighting       | 7 8 9 10 | 10.1
Axes           | 7 8 9 10 | 10.1
Armour         | 5 6 7 8 9 |  9.0
Dodging        | 5 6 7 8 9 |  9.0

Action                     |  1- 3 |  4- 6 |  7- 9 | 10-12 || total
---------------------------+-------+-------+-------+-------++-------
  Melee: Hand axe          |    65 |    75 |   199 |       ||   339
         Bite              |     6 |     7 |    37 |    45 ||    95
         Punch             |     1 |     1 |     6 |     3 ||    11
         Dire flail        |       |       |   201 |   413 ||   614
         War axe           |       |       |       |    51 ||    51
  Throw: Boomerang         |       |       |     2 |       ||     2
 Invoke: Berserk           |     1 |     2 |     5 |     8 ||    16
         Trog's Hand       |     1 |     1 |     5 |     5 ||    12
         Brothers in Arms  |       |       |       |     2 ||     2
  Evoke: Wand              |       |       |     1 |     2 ||     3
    Use: Scroll            |     2 |     1 |    13 |     8 ||    24
         Potion            |       |       |       |     1 ||     1
   Stab: Paralysed         |       |       |       |     1 ||     1
 Armour: Ring mail         |    27 |     2 |       |       ||    29
         Scale mail        |       |    21 |    27 |       ||    48
         Chain mail        |       |       |   139 |   345 ||   484
  Dodge: Dodged            |    45 |    44 |   221 |   266 ||   576

Table legend: (Time is in decaauts)
 A = Elapsed time spent in this place.
 B = Non-inter-level travel time spent in this place.
 C = Inter-level travel time spent in this place.
 D = Time resting spent in this place.
 E = Time spent auto-exploring this place.
 F = Levels seen in this place.
 G = Mean time per level.
                   A        B        C        D        E       F      G
               +--------+--------+--------+--------+--------+-----+--------+
         Total |  11718 |  11210 |    508 |    822 |   8040 |  13 |  901.4 |
       Dungeon |   9700 |   9209 |    491 |    816 |   6501 |  10 |  970.0 |
          Lair |   1249 |   1233 |     16 |      0 |    990 |   2 |  624.5 |
         Sewer |    768 |    768 |      0 |      6 |    548 |   1 |  768.0 |
               +--------+--------+--------+--------+--------+-----+--------+

Top non-repeatable levels by time:
     D:6: 1432 daAuts
    D:10: 1370 daAuts
     D:7: 1136 daAuts
     D:8: 1075 daAuts
     D:9: 1059 daAuts
  Lair:1: 921 daAuts
     D:1: 879 daAuts
     D:5: 831 daAuts
   Sewer: 768 daAuts
     D:3: 743 daAuts
     D:4: 625 daAuts
     D:2: 546 daAuts
  Lair:2: 327 daAuts
